 Dungeon Crawl Stone Soup version 0.19.0-24-gb05acd6 (console) character file.

18 Jesseh the Sneak (level 2, 0/13 HPs)
             Began as a Spriggan Enchanter on Nov 22, 2016.
             Slain by a hobgoblin
             ... wielding a +0 club
              (3 damage)
             ... on level 1 of the Dungeon.
             The game lasted 00:04:34 (325 turns).

Jesseh the Sneak (Spriggan Enchanter)                Turns: 325, Time: 00:04:35

Health: 0/13       AC:  3    Str:  4    XL:     2   Next: 51%
Magic:  7/7        EV: 18    Int: 16    God:
Gold:   35         SH:  0    Dex: 16    Spells: 2 memorised, 4 levels left

rFire  . . .     SeeInvis +     a - +1 dagger
rCold  . . .     Gourm    .     b - +1 robe
rNeg   . . .     Faith    .     (shield restricted)
rPois  .         Spirit   .     (helmet restricted)
rElec  .         Reflect  .     (no cloak)
rCorr  .         Harm     .     (gloves unavailable)
MR     .....                    (boots unavailable)
Stlth  +++.......               (no amulet)
                                (no ring)
                                (no ring)

@: very quick
A: unfitting armour, see invisible, herbivore 3, speed 3, slow metabolism 2
a: no special abilities


You were on level 1 of the Dungeon.
You were not hungry.

You visited 1 branch of the dungeon, and saw 1 of its levels.

You collected 35 gold pieces.

Inventory:

Hand Weapons
 a - a +1 dagger (weapon)
Armour
 b - a +1 robe (worn)
Scrolls
 e - a scroll of identify {unknown}
 i - 2 scrolls of enchant armour {unknown}
 k - a scroll of random uselessness {unknown}
Potions
 g - a potion of magic {unknown}
 h - a potion of lignification {unknown}
 j - a potion of beneficial mutation {unknown}
 l - a potion of haste {unknown}
 m - a potion of mutation {unknown}
 o - a potion of might {unknown}
Books
 c - a book of Maledictions
Comestibles
 d - 2 bread rations
 f - 2 fruits
 n - a slice of pizza


   Skills:
 - Level 1.1 Short Blades
 - Level 3.0 Dodging
 - Level 4.4 Stealth
 - Level 3.1 Spellcasting
 + Level 4.1 Hexes
 + Level 0.7 Ice Magic


You had 4 spell levels left.
You knew the following spells:

 Your Spells              Type           Power        Failure   Level  Hunger
a - Corona                Hex            ###....      4%          1    None
b - Ensorcelled Hibernat  Hex/Ice        ##....       12%         2    ##.....


Dungeon Overview and Level Annotations

Branches:
Dungeon (1/15)

Altars:


Innate Abilities, Weirdness & Mutations

You are very small and have problems with some larger weapons.
You are too small for most types of armour.
You have supernaturally acute eyesight. (SInv)
You are a herbivore.
You cover ground extremely quickly.
You need consume almost no food.


Message History

You see here a yellow potion.
You hit the goblin. The goblin misses you.
You hit the goblin. The goblin completely misses you.
You barely miss the goblin. The goblin hits you but does no damage.
You hit the goblin.
You kill the goblin!
Your Hexes skill increases to level 4!
Things that are here:
a dagger; a goblin corpse
h - a yellow potion A frilled lizard comes into view.
The helpless frilled lizard fails to defend itself.
You impale the frilled lizard!!
You kill the frilled lizard!
You see here a frilled lizard corpse.
Found a stone staircase leading down.
i - a scroll labeled WIAJOM BUIFF A hobgoblin comes into view.
The hobgoblin shouts!
You hit the hobgoblin but do no damage. The hobgoblin barely misses you.
You hit the hobgoblin. The hobgoblin closely misses you.
You hit the hobgoblin. The hobgoblin misses you.
You hit the hobgoblin but do no damage. The hobgoblin completely misses you.
You closely miss the hobgoblin. The hobgoblin misses you.
You barely miss the hobgoblin. The hobgoblin hits you.
You hit the hobgoblin.
The hobgoblin hits you but does no damage.
You hit the hobgoblin.
You kill the hobgoblin!
Okay, then.
j - a pink potion A dart slug comes into view.
Found an escape hatch in the floor.
Found a stone staircase leading down.
You see here 11 gold pieces.
You now have 11 gold pieces.
The helpless dart slug fails to defend itself.
You impale the dart slug!!
You kill the dart slug!
You see here a dart slug corpse.
k - a scroll labeled YDEZAOSHROTA You now have 23 gold pieces (gained 12).
l - a grey potion
There is an escape hatch in the floor here.
A kobold comes into view.
The helpless kobold fails to defend itself.
You impale the kobold!!
You kill the kobold!
Things that are here:
3 stones; a kobold corpse You now have 35 gold pieces (gained 12).
m - a smoky brown potion
n - a slice of pizza
There are no items here.
o - an amethyst potion A rat comes into view.
You see here a scroll labeled WIAJOM BUIFF.
You hit the rat.
You kill the rat!
i - 2 scrolls labeled WIAJOM BUIFF (gained 1)
A hobgoblin comes into view. It is wielding a club.
The hobgoblin shouts!
A leopard gecko comes into view.
You see here a scroll labeled JUESHR VUIMN.
A frilled lizard comes into view.
Found a stone staircase leading down.
You miss the leopard gecko.
The leopard gecko hisses angrily.
The frilled lizard hisses angrily.
The hobgoblin misses you. The leopard gecko closely misses you.
You closely miss the frilled lizard. The frilled lizard closely misses you.
The leopard gecko misses you. The hobgoblin misses you.
You hit the leopard gecko.
The leopard gecko hisses menacingly.
The leopard gecko barely misses you. The frilled lizard closely misses you.
The hobgoblin misses you.
You hit the leopard gecko. The leopard gecko bites you.
The frilled lizard closely misses you.
The hobgoblin hits you but does no damage.
You hit the leopard gecko.
You kill the leopard gecko!
The frilled lizard completely misses you.
You hit the frilled lizard. The hobgoblin closely misses you.
The frilled lizard closely misses you.
You barely miss the frilled lizard. The hobgoblin hits you with a club.
The frilled lizard closely misses you.
You closely miss the frilled lizard. The hobgoblin hits you with a club.
* * * LOW HITPOINT WARNING * * *
The frilled lizard completely misses you.
You hit the frilled lizard.
You kill the frilled lizard!
The hobgoblin closely misses you.
You closely miss the hobgoblin. The hobgoblin completely misses you.
You barely miss the hobgoblin. The hobgoblin closely misses you.
You closely miss the hobgoblin. You hit the hobgoblin but do no damage.
The hobgoblin hits you with a club.
* * * LOW HITPOINT WARNING * * *
The hobgoblin closely misses you.
You see here a scroll labeled JUESHR VUIMN.
You open the door. The hobgoblin hits you with a club.
You die...

▒..▒▒.▒...▒.▒.▒
...▒▒.▒▒..▒.▒.▒▒▒▒▒▒▒▒
.. ▒.....▒..........▒ ..
▒▒▒▒.▒▒.(........▒ ..
................▒ ..
▒▒▒.▒▒▒.........▒▒▒▒▒▒▒▒
.. ▒▒▒
▒▒....▒▒▒........▒ ..
...▒▒▒▒▒▒▒.▒ ▒........▒
..
▒▒.▒.....▒i▒▒▒........▒
..
.........g...........▒
▒. ▒..................▒
... ▒..................▒
..▒ ▒............▒▒▒▒▒▒▒
...▒ ▒.▒..........▒ ...▒
...▒.▒▒▒▒▒.▒▒▒▒ ...▒ ..▒
▒.▒ .▒.▒ ▒▒▒▒ ▒..
▒?▒▒▒.▒.▒


You could see a hobgoblin.

Vanquished Creatures
  3 dart slugs (D:1)
  A leopard gecko (D:1)
  2 goblins (D:1)
  A hobgoblin (D:1)
  A bat (D:1)
  2 frilled lizards (D:1)
  2 kobolds (D:1)
  A rat (D:1)
13 creatures vanquished.

Notes
Turn   | Place    | Note
-------+----------+-------------------------------------------
     0 | D:1      | Jesseh the Spriggan Enchanter began the quest for the Orb.
     0 | D:1      | Reached XP level 1. HP: 9/9 MP: 5/5
    47 | D:1      | Reached skill level 3 in Spellcasting
    95 | D:1      | Reached XP level 2. HP: 13/13 MP: 7/7
    99 | D:1      | Learned a level 2 spell: Ensorcelled Hibernation
   120 | D:1      | Reached skill level 4 in Hexes
   296 | D:1      | HP: 2/13 [hobgoblin/club (2)]
   325 | D:1      | Slain by a hobgoblin

Skill      XL: |  1  2 |
---------------+-------+-----
Spellcasting   | 3 |  3.1
Hexes          | 4 |  4.1
Short Blades   | |  1.1
Dodging        | |  3.0
Stealth        | |  4.4
Ice Magic      | |  0.7

Action                   || total
-------------------------++-------
Melee: Dagger            ||    55
 Stab: Sleeping          ||     4
Armor: Robe              ||     7
Dodge: Dodged            ||    55

Vault maps used:
D:1:      minmay_arrival_four_circles

Table legend:
 A = Turns spent in this place as a percentage of turns spent in the entire game.
 B = Non-inter-level travel turns spent in this place as a percentage of non-inter-level travel turns spent in the entire game.
 C = Inter-level travel turns spent in this place as a percentage of turns spent in this place.
 D = Turns resting spent in this place as a percentage of non-inter-level travel turns spent in this place.
 E = Turns spent auto-exploring this place as a percentage of non-inter-level travel turns spent in this place.
 F = Non-inter-level travel turns spent in this place divided by the number of levels of this place that you've seen.
                   A       B       C       D       E      F
               +-------+-------+-------+-------+-------+----------------------
         Total | 100.0 | 100.0 |   0.0 |   0.0 |   4.3 | 254.0
       Dungeon | 100.0 | 100.0 |   0.0 |   0.0 |   4.3 | 254.0
               +-------+-------+-------+-------+-------+----------------------

Table legend:
 A = Kills in this place as a percentage of kills in entire the game.
 B = Kills by you in this place as a percentage of kills by you in the entire game.
 C = Kills by friends in this place as a percentage of kills by friends in the entire game.
 D = Other kills in this place as a percentage of other kills in the entire game.
 E = Experience gained in this place as a percentage of experience gained in the entire game.
 F = Experience gained in this place divided by the number of levels of this place that you have seen.
                   A       B       C       D       E      F
               +-------+-------+-------+-------+-------+----------------------
         Total | 100.0 | 100.0 |  -nan |  -nan | 100.0 |  27.0
       Dungeon | 100.0 | 100.0 |  -nan |  -nan | 100.0 |  27.0
               +-------+-------+-------+-------+-------+----------------------
